 Dungeon Crawl Stone Soup version 0.18-a0-1788-g92de1ac (webtiles) character file.

51 Critterz the Stinger (level 3, 0/16 HPs)
             Began as a Spriggan Venom Mage on Apr 19, 2016.
             Slain by a worm (1 damage)
             ... on level 2 of the Dungeon.
             The game lasted 00:13:22 (1875 turns).

Critterz the Stinger (Spriggan Venom Mage)          Turns: 1875, Time: 00:13:23

Health: 0/16       AC:  3    Str:  4    XL:     3   Next: 57%
Magic:  7/8        EV: 18    Int: 17    God:
Gold:   45         SH:  0    Dex: 16    Spells: 1 memorised, 7 levels left

rFire  . . .     SeeInvis +     j - +0 dagger
rCold  . . .     Gourm    .     p - +0 robe
rNeg   . . .     Faith    .     (shield restricted)
rPois  .         Spirit   .     (helmet restricted)
rElec  .         Dismiss  .     q - +0 cloak
rCorr  .         Reflect  .     (gloves unavailable)
SustAt .         Harm     .     (boots unavailable)
MR     .....                    (no amulet)
Stlth  +++.......               (no ring)
                                (no ring)

@: very quick, not resistant to hostile enchantments, fairly stealthy
A: unfitting armour, see invisible, herbivore 3, speed 3, slow metabolism 2
a: no special abilities


You were on level 2 of the Dungeon.
You were not hungry.

You visited 1 branch of the dungeon, and saw 2 of its levels.

You collected 45 gold pieces.

Inventory:

Hand Weapons
 e - a +0 whip
 f - a +0 spear
 j - a +0 dagger (weapon)
Missiles
 d - 22 poisoned needles
 g - 6 tomahawks (quivered)
 i - 16 bolts
Armour
 a - a +0 robe
 h - a +0 leather armour
 p - a +0 robe (worn)
 q - a +0 cloak (worn)
Wands
 r - a wand of confusion (34/48)
Scrolls
 k - a scroll of remove curse {unknown}
 l - a scroll of fog
 n - a scroll of blinking {unknown}
 o - a scroll of teleportation
 s - a scroll of fear
Potions
 m - a potion of curing
Books
 b - a Young Poisoner's Handbook

   Spells                             Type                      Level
   a - Sting                          Conjuration/Poison           1
   b - Cure Poison                    Poison                       2
   c - Mephitic Cloud                 Conjuration/Poison/Air       3
   d - Olgreb's Toxic Radiance        Poison                       4
   e - Venom Bolt                     Conjuration/Poison           5
Comestibles
 c - 2 bread rations


   Skills:
 + Level 0.1 Fighting
 + Level 0.1 Maces & Flails
 + Level 3.5 Dodging
 + Level 3.3 Stealth
 + Level 3.2 Spellcasting
 + Level 0.4 Conjurations
 + Level 4.6 Poison Magic


You had 7 spell levels left.
You knew the following spells:

 Your Spells              Type           Power        Failure   Level  Hunger
a - Sting                 Conj/Pois      ##..         10%         1    None


Dungeon Overview and Level Annotations

Branches:
Dungeon (2/15)

Altars:


Innate Abilities, Weirdness & Mutations

You are tiny and cannot use many weapons and most armour.
You have supernaturally acute eyesight.
You are a herbivore.
You cover ground extremely quickly.
You need consume almost no food.


Message History

You see here a chunk of flesh.
You open the door.
There is an open door here.
Found a club.
Your magical contamination has completely faded away.
You see here a club.
Found a stone staircase leading up.
A worm comes into view.
Found a bread ration.
You hit the worm but do no damage. The worm bites you!
You hit the worm but do no damage. You hit the worm but do no damage.
The worm bites you!
Ouch! That really hurt!
* * * LOW HITPOINT WARNING * * *
You hit the worm but do no damage. The worm closely misses you.
You hit the worm but do no damage. You hit the worm.
The worm is lightly wounded.
The worm bites you.
You die...

#.# #.# #.# #.#.#......... #.#
#.# # # #...#.###.#### #.# #.#
##..#..%..#### ###.# #.#
#............ ....# #.#
#..##########
########.###.########.........
............<.>.......>.......
########.#####################
#........@w.....%
#################


You could see a worm.

Vanquished Creatures
  2 dart slugs (D:1)
  A giant gecko (D:1)
  3 giant cockroaches (D:1)
  4 goblins (D:1)
  5 hobgoblins (D:1)
  11 jackals
  A ball python (D:2)
  5 bats
  2 giant newts (D:1)
  3 kobolds
  2 rats (D:1)
39 creatures vanquished.

Notes
Turn   | Place    | Note
--------------------------------------------------------------
     0 | D:1      | Critterz the Spriggan Venom Mage began the quest for the Orb.
     0 | D:1      | Reached XP level 1. HP: 9/9 MP: 5/5
   230 | D:1      | Reached XP level 2. HP: 11/13 MP: 2/6
   862 | D:1      | Reached XP level 3. HP: 15/16 MP: 4/8
  1875 | D:2      | Slain by a worm

Vault maps used:
D:1:      minmay_arrival_semitransparent, eino_curves_03
D:2:      grunt_temple_overflow_open, uniq_crazy_yiuf_cottage

Skill      XL: |  1  2 |
---------------+-------+-----
Spellcasting   | 3 |  3.2
Fighting       | |  0.1
Maces & Flails | |  0.1
Dodging        | |  3.5
Stealth        | |  3.3
Conjurations   | |  0.4
Poison Magic   | |  4.6

Action                   || total
-------------------------++-------
Melee: Unarmed           ||     7
       Dagger            ||    36
       Whip              ||     2
 Cast: Sting             ||    74
  Use: Scroll            ||     3
Armor: Robe              ||     8
Dodge: Dodged            ||    46
